AoeStats
← aleph224aleph224

Arena

506359068Analyzed
1v1 RM · 20d ago on Sep 13, 2026· 48m 52s· 2 players
Game mode
Random Map
Map size
Tiny (2 player)
Population
200
Speed
Normal
Resources
Standard
Victory
Conquest
Starting age
Dark Age
Ending age
Imperial Age
RankedLock teamsTeams togetherTeam positionsShared explorationLock speedFull tech treeHidden civsTurbo modeCheats
Victory
Defeat
🇷🇺 Mongols · Russia
944
+15
🇹🇼 Goths · Taiwan
922
-15
aleph224aleph224
8:47 Loom
10:33 Feudal Age
11:23 Double-Bit Axe
11:21 Horse Collar
16:55 Castle Age
19:07 Fletching
22:20 Bow Saw
23:48 Town Watch
26:58 Wheelbarrow
26:23 Town Patrol
27:40 Bodkin Arrow
28:30 Gold Mining
28:30 Stone Mining
30:01 Hand Cart
29:46 Town Patrol
30:49 Squires
35:12 Imperial Age
34:45 Pikeman
35:41 Forging
35:31 Scale Mail Armor
35:16 Halberdier
37:15 Chemistry
37:57 Ballistics
39:52 Iron Casting
39:32 Chain Mail Armor
47:26 Blast Furnace
Homer554
11:30 Feudal Age
12:47 Double-Bit Axe
15:27 Castle Age
13:18 Horse Collar
16:06 Loom
18:03 Heavy Plow
20:29 Gold Mining
22:46 Wheelbarrow
25:20 Bow Saw
28:00 Imperial Age
25:48 Town Watch
27:12 Hand Cart
28:09 Fletching
29:12 Conscription
31:35 Gold Shaft Mining
31:12 Scale Barding Armor
31:20 Thumb Ring
31:42 Parthian Tactics
32:24 Husbandry
32:35 Bloodlines
31:45 Elite Steppe Lancer
32:26 Light Cavalry
33:22 Forging
33:33 Chain Barding Armor
33:49 Bodkin Arrow
36:10 Hoardings
36:23 Bracer
37:01 Iron Casting
36:27 Padded Archer Armor
36:12 Hussar
37:30 Stone Mining
38:26 Fortified Wall
38:27 Masonry
38:13 Murder Holes
38:52 Ballistics
39:37 Stone Shaft Mining
41:46 Blast Furnace
41:04 Leather Archer Armor
40:15 Elite Mangudai
42:41 Chemistry
44:36 Drill
45:00 Town Patrol
46:20 Siege Engineers
Connection lost

Rejoining the realm…

Still unreachable

The connection could not be restored.

Session expired

The server has moved on; the page needs a fresh start.